 Dungeon Crawl Stone Soup version 0.31-a0-1204-ge2c1a860ed (webtiles) character file.

Game seed: 510188227109906066

2080 ooooo the Destroyer (level 9, -3/56 HPs)
             Began as an Octopode Conjurer on Dec 12, 2023.
             Was an Initiate of Gozag.
             Slain by a vampire (10 damage)
             ... on level 7 of the Dungeon.
             The game lasted 00:16:42 (9278 turns).

ooooo the Destroyer (Octopode Conjurer)             Turns: 9278, Time: 00:16:43

Health: -3/56      AC:  5    Str:  6    XL:     9   Next: 26%
Magic:  7/12       EV: 14    Int: 24    God:    Gozag
Gold:   158        SH:  0    Dex: 11    Spells: 2/13 levels left

rFire   . . .        p - +2 dagger (elec)
rCold   . . .        (no shield)
rNeg    . . .        (helmet restricted)
rPois   .            q - amulet of the acrobat
rElec   .            x - +4 ring of protection
rCorr   .            C - ring of willpower
SInv    .            (no ring)
Will    +....        (no ring)
Stlth   ++           (no ring)
HPRegen 0.29/turn    (no ring)
MPRegen 0.13/turn    (no ring)
                     (no ring)

%: acrobat
@: confused, ambrosia-drunk
A: almost no armour, amphibious, 8 rings, camouflage 1, gelatinous body 1,
(nimble swimmer 1), tentacles
a: Renounce Religion, Potion Petition, Call Merchant, Bribe Branch


You were on level 7 of the Dungeon.
You worshipped Gozag.
Gozag was aware of your devotion.
You visited 1 branch of the dungeon, and saw 8 of its levels.

You collected 495 gold pieces.
You spent 285 gold pieces at shops.
You paid 52 gold pieces to Gozag.

Inventory:

Hand Weapons
 d - a +0 dagger
 g - a +3 mace of holy wrath
 l - a +0 short sword of draining
 o - a +0 dagger of speed
 p - a +2 dagger of electrocution (weapon)
 s - a +1 falchion of draining
 t - a +1 dagger of venom
Jewellery
 q - an amulet of the acrobat (around mantle)
 x - a +4 ring of protection (left tentacle)
 C - a ring of willpower (right tentacle)
Wands
 w - a wand of paralysis (1)
Scrolls
 c - 2 scrolls of fog
 e - 2 scrolls of noise
 h - a scroll of revelation
 j - a scroll of poison
 k - 2 scrolls of amnesia
 m - 4 scrolls of teleportation
 n - a scroll of summoning
 r - 2 scrolls of enchant weapon
 u - a scroll of immolation
 y - a scroll of silence {unknown}
 D - a scroll of vulnerability {unknown}
Potions
 a - a potion of berserk rage
 b - a potion of resistance
 v - 2 potions of curing
 A - a potion of brilliance {unknown}
 B - a potion of might {unknown}


   Skills:
 + Level 3.0 Fighting
 + Level 3.7 Dodging
 + Level 5.3 Stealth
 + Level 2.5 Spellcasting
 * Level 11.1 Conjurations


You had 2 spell levels left.
You knew the following spells:

 Your Spells              Type           Power      Damage    Failure   Level
a - Searing Ray           Conj           100%       2d8       1%          2
b - Magic Dart            Conj           100%       1d8       1%          1
c - Fulminant Prism       Conj/Hex       14%        3d9       12%         4
d - Iskenderun's Mystic   Conj/Tloc      29%        2d7       12%         4

Your spell library contained the following spells:

 Spells                   Type           Power      Damage    Failure   Level
 Dazzling Flash           Conj/Hex       58%        N/A       3%          3


Dungeon Overview and Level Annotations

Branches:
Dungeon (8/15) Zot: 25489  Temple (0/1) D:7
   Lair: D:8-11

Altars:
Elyvilon
Gozag
Kikubaaqudgha
Makhleb
Nemelex Xobeh
Ru
Sif Muna
Wu Jian

Shops:
D:6 (:***


Innate Abilities, Weirdness & Mutations

You cannot wear most types of armour.
You are amphibious.
You can wear up to eight rings at the same time.
Your skin changes colour to match your surroundings (Stealth+).
Your rubbery body absorbs attacks. (AC +1, EV +1)
((You are camouflaged when in or above water. (Stealth+)))
You have tentacles for arms and can constrict up to eight enemies at once.


Message History

Something draws strength from your injuries!
The orc hits you with a +0 whip.
You hit something but do no damage. Something hits you! Something bites you!
* * * LOW HITPOINT WARNING * * *
Something draws strength from your injuries!
The orc hits you with a +0 whip.
* * * LOW HITPOINT WARNING * * *
You feel much better. Something hits you but does no damage.
Something bites you.
Something draws strength from your injuries!
The orc misses you. Something closely misses you. x2
As you read the scroll of fear, it crumbles to dust.
You assume a fearsome visage.
The orc looks frightened!
Something hits you. Something bites you but does no damage.
Something closely misses you. Something misses you.
As you read the scroll of summoning, it crumbles to dust.
Wisps of shadow whirl around you... Something hits you!
* * * LOW HITPOINT WARNING * * *
Something bites you.
* * * LOW HITPOINT WARNING * * *
Something draws strength from your injuries!
Unknown command.
Your water moccasin barely misses something.
You swap places.
Your hound completely misses something.
Your water moccasin bites something!
Something completely misses you. Something bites you.
* * * LOW HITPOINT WARNING * * *
Something draws strength from your injuries!
Your hound closely misses something.
Your jelly hits something but does no damage.
You see here 12 gold pieces.
You are confused.
You feel invigorated.
Your water moccasin bites something but does no damage.
Something hits you!
* * * LOW HITPOINT WARNING * * *
Something bites you!
You die...
Your body crumbles into a pile of gold.

....#$......# #...#
#.........# #...#
#...o§§§# ##...#
#.§§§§§#####....#####
..##§§§§§.............
#§§§§§§....#..####.
##.JS§§....#.## .
#.{.........# ##..
#@h§.....#..##....
##.............# .
#...###......## #
....## ##...### #
....# #...# .....
##..# # .....#
#..###### ......#
#........ #....##..###


You could see a friendly water moccasin (summoned), a friendly hound (summoned)
and a friendly jelly (summoned).

Vanquished Creatures
  Sigmund (D:4)
  Menkaure (D:4)
  A steam dragon (D:6)
  Duvessa (D:5)
  A water moccasin (D:7)
  2 sky beasts
  An ogre (D:7)
  A centaur (D:7)
  A phantom (D:4)
  2 scorpions (D:6)
  Dowan (D:5)
  A howler monkey (D:7)
  A jelly (D:4)
  3 hounds (D:4)
  Crazy Yiuf (D:3)
  3 orc priests
  A gnoll bouda (D:5)
  A sleepcap (D:7)
  Jessica (D:2)
  3 iguanas (D:4)
  4 orc wizards
  Natasha (thrice) (D:4)
  5 gnolls (D:5)
  9 adders
  A white imp (D:5)
  2 ufetubi (D:6)
  2 dart slugs
  19 orcs
  10 ball pythons
  2 endoplasms
  3 giant cockroaches
  11 goblins
  8 hobgoblins
  3 jackals (D:2)
  5 quokkas
  5 bats
  4 frilled lizards
  7 kobolds
  6 rats
137 creatures vanquished.

Vanquished Creatures (others)
  An adder (D:6)
1 creature vanquished.

Grand Total: 138 creatures vanquished

Notes
Turn   | Place    | Note
-------+----------+-------------------------------------------
     0 | D:1      | ooooo the Octopode Conjurer began the quest for the Orb.
     0 | D:1      | Reached XP level 1. HP: 11/11 MP: 3/3
   301 | D:1      | Reached XP level 2. HP: 17/17 MP: 0/5
   312 | D:1      | Learned a level 2 spell: Searing Ray
  1022 | D:2      | Reached skill level 5 in Conjurations
  1022 | D:2      | Reached XP level 3. HP: 21/21 MP: 1/6
  1569 | D:2      | Noticed Jessica
  1637 | D:2      | Killed Jessica
  1638 | D:2      | Reached XP level 4. HP: 27/27 MP: 2/7
  2146 | D:2      | Learned a level 4 spell: Fulminant Prism
  2151 | D:3      | Reached skill level 6 in Conjurations
  2151 | D:3      | Reached XP level 5. HP: 19/31 MP: 3/8
  3003 | D:3      | Found a runed translucent door.
  3004 | D:3      | Noticed Crazy Yiuf
  3403 | D:3      | Killed Crazy Yiuf
  3529 | D:4      | Noticed Natasha
  3533 | D:4      | Reached skill level 7 in Conjurations
  3533 | D:4      | Reached XP level 6. HP: 36/36 MP: 1/9
  3538 | D:4      | Killed Natasha
  4284 | D:4      | Found a burning altar of Makhleb.
  4288 | D:4      | Reached skill level 8 in Conjurations
  4378 | D:4      | Reached XP level 7. HP: 41/41 MP: 6/10
  4458 | D:4      | Noticed Sigmund
  4463 | D:4      | Killed Sigmund
  4464 | D:4      | Reached skill level 9 in Conjurations
  4518 | D:4      | Noticed Menkaure
  4522 | D:4      | Killed Menkaure
  4660 | D:4      | Reached XP level 8. HP: 46/46 MP: 2/11
  4806 | D:4      | Learned a level 4 spell: Iskenderun's Mystic Blast
  4898 | D:4      | Reached skill level 10 in Conjurations
  4989 | D:4      | Noticed Natasha
  4993 | D:4      | Killed Natasha
  5002 | D:4      | Noticed Natasha
  5449 | D:4      | Found a burning altar of Makhleb.
  5693 | D:4      | Killed Natasha
  5772 | D:5      | Entered Level 5 of the Dungeon
  5810 | D:5      | Noticed Duvessa
  5813 | D:5      | Noticed Dowan
  5824 | D:5      | Killed Duvessa
  6015 | D:5      | Killed Dowan
  6258 | D:5      | Reached skill level 1 in Fighting
  6545 | D:5      | Found a shimmering blue altar of Sif Muna.
  6548 | D:5      | Found an ancient bone altar of Kikubaaqudgha.
  6549 | D:5      | Found a white marble altar of Elyvilon.
  6550 | D:5      | Found an opulent altar of Gozag.
  6551 | D:5      | Found an ornate altar of the Wu Jian Council.
  6553 | D:5      | Became a worshipper of Gozag Ym Sagoz the Greedy
  7170 | D:6      | Found a sacrificial altar of Ru.
  7257 | D:6      | Found Ylite's Assorted Antiques.
  7263 | D:6      | Bought a scroll labelled PYXTEV QOHAD for 18 gold pieces
  7263 | D:6      | Bought a fluorescent wand for 72 gold pieces
  7263 | D:6      | Bought a scroll of identify for 36 gold pieces
  7285 | D:6      | Found Qebrafyf's General Store.
  7287 | D:6      | Found Bujoog's Antique Weapon Shoppe.
  7407 | D:6      | Bought a scroll of identify for 26 gold pieces
  7407 | D:6      | Bought a scroll of identify for 26 gold pieces
  7407 | D:6      | Bought a scroll of amnesia for 52 gold pieces
  7739 | D:6      | You fall into a shaft and drop 2 floors!
  7904 | D:6      | Found Xib Kukkea's General Store.
  7907 | D:6      | Bought a potion of heal wounds for 55 gold pieces
  8000 | D:6      | Found Miklu's Book Emporium.
  8148 | D:7      | Reached XP level 9. HP: 55/55 MP: 3/12
  8630 | D:7      | Found a staircase to the Ecumenical Temple.
  8711 | D:7      | Reached skill level 5 in Stealth
  8802 | D:7      | Reached skill level 11 in Conjurations
  8933 | D:7      | Found a sparkling altar of Nemelex Xobeh.
  9278 | D:7      | Slain by a vampire

Illustrated notes

Levels and vault maps discovered:
D:1:      dpeg_arrival_three_same_balls, layout_basic
D:2:      layout_basic, minmay_misc_feat_more_columns, uniq_jessica
D:3:      layout_basic, serial_rivers, chequers_serial_rivers_micro_d,
          chequers_serial_rivers_micro_c, chequers_serial_rivers_small_b,
          chequers_serial_rivers_small_a, chequers_serial_rivers_large_a,
          uniq_crazy_yiuf_cottage
D:4:      layout_cave_pools, makhleb_heckhound_becter, uniq_sigmund,
          uniq_natasha, uniq_menkaure
D:5:      layout_gridville, minitemple, uniq_duvessa
D:6:      layout_rooms, nicolae_ru_awakened_eye, serial_shops, shop, shop,
          nicolae_lakefront_shop, kennysheep_mini, shop
D:7:      minmay_the_grid_plus [minmay_the_grid_large_cup,
          minmay_the_grid_paths, minmay_the_grid_doors,
          minmay_the_grid_outer_diamond,
          minmay_the_grid_prize_four_corners_diamond_a], layout_layer_cave,
          nemelex_spade_bored_becter, minmay_temple_entry_arrows, uniq_joseph
D:8:      wad_woods_tower, layout_loops_ring, david_lair_generic, serial_shops,
          nicolae_shop_rolling_square, chequers_serial_rivers_micro_e,
          pf_guarded_unrand_meek

Skill      XL: |  1  2  3  4  5  6  7  8  9 |
---------------+----------------------------+-----
Conjurations   | 5 6 7 8 9 10 11 | 11.1
Stealth        | 4 5 |  5.3
Fighting       | 2 3 |  3.0
Dodging        | 3 |  3.7
Spellcasting   | |  2.5

Action                     |  1- 3 |  4- 6 |  7- 9 || total
---------------------------+-------+-------+-------++-------
  Melee: Dagger            |    56 |    24 |    27 ||   107
         Constrict         |    19 |     5 |     6 ||    30
         Tentacles         |    13 |     5 |     4 ||    22
         Unarmed           |     1 |       |       ||     1
         Punch             |     1 |       |       ||     1
         Short sword       |       |     4 |       ||     4
   Cast: Magic Dart        |    13 |     1 |     1 ||    15
         Searing Ray       |     7 |    24 |    50 ||    81
  Evoke: Wand              |       |       |     1 ||     1
    Use: Scroll            |       |     4 |    10 ||    14
         Potion            |       |     3 |     2 ||     5
   Stab: Sleeping          |     4 |     4 |     2 ||    10
 Armour: Skin              |    27 |    29 |    45 ||   101
  Dodge: Dodged            |    42 |    37 |   110 ||   189

Table legend: (Time is in decaauts)
 A = Elapsed time spent in this place.
 B = Non-inter-level travel time spent in this place.
 C = Inter-level travel time spent in this place.
 D = Time resting spent in this place.
 E = Time spent auto-exploring this place.
 F = Levels seen in this place.
 G = Mean time per level.
                   A        B        C        D        E       F      G
               +--------+--------+--------+--------+--------+-----+--------+
         Total |   9280 |   9113 |    167 |   1803 |   6166 |   8 | 1160.0 |
       Dungeon |   9280 |   9113 |    167 |   1803 |   6166 |   8 | 1160.0 |
               +--------+--------+--------+--------+--------+-----+--------+

Top non-repeatable levels by time:
     D:4: 1947 daAuts
     D:3: 1849 daAuts
     D:5: 1374 daAuts
     D:7: 1202 daAuts
     D:1: 1174 daAuts
     D:2: 973 daAuts
     D:6: 729 daAuts
     D:8: 28 daAuts
